Map: Dusk Towers

Players

LilDicky - Winner!

  • Race: Terran Terran
  • League: Diamond

Purple

  • Race: Zerg Zerg
  • League: Gold

VOD

http://www.twitch.tv/tumescentpie

Description

Time

  • Played on: Dec. 11, 2015, 2:49 a.m.
  • Length: 16:27
Show
View Real Time Build Order
Export as new Build Order

LilDicky Terran - Winner!

Build Orders: Reaper Expand 

Get SALT Encoding   

  12  0:02  SCV  
  13  0:19  Supply Depot  
  13  0:22  SCV  
  14  0:34  SCV  
  15  0:36  Refinery  
  15  0:44  Barracks  
  15  0:46  SCV  
  16  0:58  SCV  
  17  1:10  SCV  
  18  1:22  SCV  
  19  1:31  Reaper  
  20  1:34  Orbital Command  
  20  1:45  Command Center  
  20  2:01  SCV  
  21  2:09  Factory  
  21  2:17  Barracks Reactor, SCV  
  21  2:22  Refinery  
  22  2:23  Supply Depot  
  23  2:30  SCV  
  23  2:44  SCV  
  24  2:52  Marine  
  24  2:53  Marine  
  24  2:56  SCV  
  27  2:58  Starport  
  28  3:08  SCV, Orbital Command  
  28  3:12  Refinery  
  28  3:14  Starport  
  28  3:20  SCV  
  28  3:24  Factory Tech Lab  
  29  3:32  Armory  
  29  3:33  SCV x2  
  31  3:45  SCV x2  
  33  3:51  Marine x2  
  33  3:52  Medivac  
  37  3:57  SCV x2  
  42  4:09  SCV x2  
  41  4:18  Refinery  
  41  4:20  Marine x2  
  41  4:21  SCV  
  41  4:22  SCV  
  41  4:23  Liberator  
  45  4:30  Supply Depot  
  45  4:40  Thor  
  54  4:51  Marine x2  
  56  4:55  Supply Depot  
  56  4:58  SCV  
  57  5:03  SCV  
  57  5:06  Liberator  
  58  5:07  Command Center  
  58  5:09  Marine x2  
  58  5:11  SCV  
  58  5:12  Starport  
  61  5:16  SCV  
  62  5:27  Marine x2  
  67  5:34  SCV  
  68  5:36  Liberator  
  67  5:45  Thor  
  67  5:47  Supply Depot  
  73  5:50  Marine  
  73  5:51  Marine  
  78  6:08  SCV  
  79  6:21  Liberator  
  79  6:33  SCV x2  
  79  6:34  Orbital Command  
  79  6:37  Starport Reactor  
  79  6:38  Command Center  
  84  6:45  SCV  
  68  7:28  Liberator x3  
  62  7:43  Thor  
  62  7:47  Orbital Command  
  62  7:51  Factory  
  71  7:52  Factory  
  71  8:00  Refinery  
  71  8:07  Refinery  
  71  8:10  Liberator  
  71  8:21  Terran Vehicle And Ship Armor Level 1, Orbital Command  
  71  8:26  Thor, SCV x3  
  83  8:38  SCV x3  
  83  8:40  Factory Tech Lab  
  83  8:41  Factory Tech Lab  
  83  8:50  SCV  
  79  9:01  Thor x2  
  91  9:03  SCV x2  
  91  9:09  Thor  
  99  9:14  Liberator x2  
  99  9:15  Liberator  
  102  9:57  Fusion Core  
  102  10:01  Supply Depot  
  102  10:02  Thor, Armory  
  102  10:06  Liberator  
  102  10:07  Liberator  
  108  10:18  Command Center  
  105  10:23  Starport Tech Lab  
  108  10:37  Liberator  
  108  10:51  Thor x2  
  123  11:01  Liberator  
  123  11:11  Refinery  
  117  11:14  Thor  
  117  11:15  Refinery  
  105  11:21  Advanced Ballistics  
  99  11:27  SCV  
  99  11:29  Command Center  
  100  11:33  Command Center  
  100  11:35  SCV  
  101  12:00  Liberator x3  
  101  12:13  SCV x3  
  104  12:16  Engineering Bay  
  104  12:21  Behemoth Reactor  
  104  12:22  Terran Vehicle And Ship Armor Level 2  
  113  12:23  Terran Vehicle Weapons Level 1  
  113  12:25  SCV x2  
  114  12:55  Planetary Fortress, Liberator x2  
  114  12:56  Liberator  
  114  13:04  Command Center, Planetary Fortress  
  114  13:05  Command Center x2  
  114  13:09  Thor x3  
  141  13:24  SCV x2  
  143  13:39  Refinery  
  143  13:43  Command Center, Refinery  
  143  13:58  Liberator x3  
  143  14:13  Thor  
  143  14:15  Thor  
  164  14:33  Planetary Fortress  
  164  14:34  Missile Turret  
  164  14:41  Liberator x2  
  170  15:40  Thor x3  
  188  15:49  Factory  
  188  15:50  Factory  
  188  15:56  Factory  
  188  15:57  Factory  
  188  15:58  Factory  
  188  16:02  Missile Turret  
Show
View Real Time Build Order
Export as new Build Order

Purple Zerg 

Build Orders: Hatch First 

Get SALT Encoding   

  12  0:03  Drone  
  13  0:12  Overlord  
  13  0:24  Drone  
  14  0:31  Drone  
  14  0:32  Drone  
  16  0:38  Drone  
  17  0:56  Hatchery  
  16  0:58  Drone  
  16  1:01  Drone  
  18  1:05  Extractor  
  18  1:08  Drone  
  18  1:22  Spawning Pool  
  17  1:30  Drone x2  
  19  1:40  Overlord  
  19  1:53  Drone  
  20  2:09  Queen  
  20  2:10  Queen  
  20  2:12  Zergling x4  
  20  2:15  Metabolic Boost  
  26  2:17  Drone  
  27  3:01  Drone x5  
  27  3:02  Drone  
  27  3:04  Queen  
  35  3:16  Overlord  
  34  3:38  Drone x7  
  34  3:40  Baneling Nest  
  34  3:41  Hatchery  
  39  3:53  Zergling x4  
  41  3:56  Overlord x2  
  41  4:08  Zergling x4  
  41  4:09  Overlord x2  
  43  4:20  Lair  
  43  4:25  Extractor  
  42  4:43  Drone  
  42  4:44  Drone x9  
  52  4:46  Roach Warren  
  52  4:52  Evolution Chamber x2  
  49  5:28  Drone x9  
  58  5:30  Drone x2  
  58  5:31  Drone x3  
  58  5:32  Queen  
  65  5:44  Roach x4  
  65  5:45  Overlord x2  
  65  5:49  Extractor x2  
  71  5:52  Zerg Missile Weapons Level 1, Zerg Ground Armor Level 1  
  65  6:17  Roach x8  
  65  6:18  Overlord x3  
  81  6:40  Ravager x3  
  63  7:27  Roach x12  
  63  7:28  Queen x2  
  63  7:29  Queen  
  79  7:47  Spore Crawler  
  79  7:50  Ravager  
  75  7:52  Ravager  
  76  8:00  Drone  
  76  8:01  Drone x3  
  76  8:04  Extractor, Queen  
  76  8:05  Extractor  
  71  8:14  Ravager  
  72  8:26  Spore Crawler  
  66  8:39  Ravager x3  
  67  9:09  Drone  
  69  9:10  Drone  
  69  9:12  Drone  
  70  9:22  Roach  
  70  9:23  Roach x12, Queen x2  
  70  9:24  Queen  
  97  9:47  Ravager  
  95  10:11  Drone  
  95  10:12  Drone x2  
  95  10:13  Overlord x3  
  95  10:14  Overlord x4  
  96  10:51  Ravager x18  
  76  11:18  Zergling x2  
  76  11:19  Zergling x10  
  82  11:37  Hatchery  
  81  11:40  Queen x2  
  81  11:43  Hatchery  
  84  11:51  Hatchery  
  68  12:18  Zerg Ground Armor Level 2, Zerg Missile Weapons Level 2  
  53  12:51  Spire  
  52  13:01  Drone  
  52  13:02  Drone x14  
  67  13:06  Queen  
  67  13:08  Queen  
  67  13:09  Queen  
  63  14:18  Roach  
  63  14:19  Corruptor x12, Roach x7  
  63  14:20  Roach  
  63  14:21  Roach  
  107  15:07  Roach  
  107  15:08  Roach x17  
Tags
 
Add a new tag
Caveats
  • Supply blocks, unpowered buildings, or Contaminate may cause inaccurate times.
  • Supply counts are checked every 10 seconds.